 Dungeon Crawl Stone Soup version 0.24.0-13-gcf9b319 (webtiles) character file.

Game seed: 2224202847698409705, levelgen mode: deterministic

548 A7mans1 the Chopper (level 7, -4/52 HPs)
             Began as a Demonspawn Gladiator on Dec 30, 2019.
             Slain by a gnoll
             ... wielding a +0 halberd
              (10 damage)
             ... on level 4 of the Dungeon.
             The game lasted 00:09:07 (2123 turns).

A7mans1 the Chopper (Demonspawn Gladiator)          Turns: 2123, Time: 00:09:07

Health: -4/52      AC:  8    Str: 16    XL:     7   Next: 7%
Magic:  7/7        EV: 14    Int:  9    God:
Gold:   146        SH:  0    Dex: 15    Spells: 6/6 levels left

rFire    . . .     SeeInvis .   a - +0 war axe
rCold    . . .     Gourm    .   (no shield)
rNeg     . . .     Faith    .   b - +0 leather armour
rPois    .         Spirit   .   c - +0 helmet
rElec    .         Reflect  .   (no cloak)
rCorr    .         Harm     .   j - +0 pair of gloves
MR       .....                  (no boots)
Stlth    +.........             (no amulet)
HPRegen  1.17/turn              q - +5 ring of slaying
MPRegen  0.10/turn              (no ring)

@: lethally poisoned (-4 -> -4), slowed, very slow
A: icy blue scales 2, powered by death 1, spiny 1
a: no special abilities


You were on level 4 of the Dungeon.
You were not hungry.

You visited 1 branch of the dungeon, and saw 4 of its levels.

You collected 146 gold pieces.

Inventory:

Hand Weapons
 a - a +0 war axe (weapon)
Missiles
 d - 3 throwing nets
 k - 9 boomerangs (quivered)
Armour
 b - a +0 leather armour (worn)
 c - a +0 helmet (worn)
 j - a +0 pair of gloves (worn)
 m - a cursed +0 helmet
Jewellery
 o - an uncursed ring of wizardry
 q - a +5 ring of slaying (left hand)
Wands
 t - a wand of polymorph (8)
Scrolls
 e - a scroll of identify
 g - a scroll of remove curse
 h - 2 scrolls of magic mapping
 l - 2 scrolls of fog
 n - a scroll of enchant armour {unknown}
 r - a scroll of amnesia
Potions
 p - a potion of flight
Comestibles
 f - 7 rations


   Skills:
 + Level 3.2 Fighting
 + Level 5.4 Axes
 + Level 2.1 Throwing
 + Level 2.3 Armour
 + Level 4.1 Dodging
 + Level 0.6 Stealth


You had 6 spell levels left.
You didn't know any spells.
Your spell library was empty.

Dungeon Overview and Level Annotations

Branches:
Dungeon (4/15)
 Temple: D:4-7

Altars:


Innate Abilities, Weirdness & Mutations

You are mostly covered in icy blue scales. (AC +3)
You regenerate a little health from kills.
You are partially covered in sharp spines.


Message History

You feel sick. The gnoll barely misses you. The gnoll closely misses you.
The gnoll misses you. The gnoll barely misses you.
You slash the gnoll!
You kill the gnoll!
You hit the gnoll.
You feel sick. The gnoll misses you. x2
You feel sick. The gnoll is struck by your spines.
The gnoll completely misses you. The gnoll is struck by your spines.
The gnoll hits you with a +0 halberd!
* * * LOW HITPOINT WARNING * * *
The gnoll is struck by your spines. The gnoll hits you but does no damage.
Things that are here:
a +0 flail; a +0 halberd; a gnoll corpse
Okay, then.
Okay, then.
You slash the gnoll!
The gnoll is almost dead.
You slash the gnoll!
You kill the gnoll!
You feel sick. The gnoll hits you with a +0 halberd!
You die...

#......#### +......#...
#......... #.. ..
........ #.. ....
.....# #.. .....
....#..... #.#
.....#####g..#..... #a#
#........@(..#.....
##♣P#
.........)(..(.....
#.♣.#
.........###......
#♣..##
......##.###>..... .
PP.♣.#
##.).........####. .#
PP..P## #........((†.<#
...
♣.P♣.P###....####(###.#
.... P♣..P..P#..##
##((###.#.....
.....P♣.#.
##♣.).)##.......


You could see a gnoll.

Vanquished Creatures
  Purgy (D:3)
  A big kobold (D:4)
  A scorpion (D:4)
  Jessica (D:3)
  Natasha (thrice) (D:3)
  2 orc wizards (D:3)
  Robin (D:3)
  3 gnolls (D:4)
  2 adders
  An ooze (D:3)
  4 dart slugs
  4 leopard geckos
  6 orcs (D:3)
  2 giant cockroaches
  14 goblins
  14 hobgoblins
  3 jackals (D:3)
  29 kobolds
  A quokka (D:2)
  9 bats
  3 frilled lizards
  4 rats (D:1)
  A plant (D:1)
110 creatures vanquished.

Vanquished Creatures (others)
  2 plants (D:4)
2 creatures vanquished.

Grand Total: 112 creatures vanquished

Notes
Turn   | Place    | Note
-------+----------+-------------------------------------------
     0 | D:1      | A7mans1 the Demonspawn Gladiator began the quest for the
                  | Orb.
     0 | D:1      | Reached XP level 1. HP: 16/16 MP: 1/1
   131 | D:1      | Gained mutation: You are partially covered in icy blue
                  | scales. (AC +2) [demonic ancestry]
   131 | D:1      | Reached XP level 2. HP: 18/22 MP: 2/2
   219 | D:1      | Reached skill level 3 in Axes
   412 | D:1      | Gained mutation: You are mostly covered in icy blue scales.
                  | (AC +3) [demonic ancestry]
   412 | D:1      | Reached XP level 3. HP: 19/27 MP: 3/3
  1434 | D:3      | Reached skill level 1 in Armour
  1457 | D:3      | Gained mutation: You regenerate a little health from kills.
                  | [demonic ancestry]
  1457 | D:3      | Reached XP level 4. HP: 33/33 MP: 4/4
  1471 | D:3      | Noticed Natasha
  1478 | D:3      | Noticed Jessica
  1480 | D:3      | Killed Natasha
  1488 | D:3      | Killed Jessica
  1530 | D:3      | Reached XP level 5. HP: 32/39 MP: 5/5
  1532 | D:3      | Reached skill level 4 in Axes
  1561 | D:3      | Noticed Purgy
  1576 | D:3      | Killed Purgy
  1619 | D:3      | Noticed Robin
  1649 | D:3      | Killed Robin
  1695 | D:3      | Gained mutation: You are partially covered in sharp spines.
                  | [demonic ancestry]
  1695 | D:3      | Reached XP level 6. HP: 45/46 MP: 6/6
  1782 | D:3      | Noticed Natasha
  1792 | D:3      | Killed Natasha
  1866 | D:3      | Noticed Natasha
  1873 | D:3      | Killed Natasha
  1992 | D:4      | Reached skill level 5 in Axes
  2106 | D:4      | Reached XP level 7. HP: 52/52 MP: 7/7
  2123 | D:4      | Slain by a gnoll

Levels and vault maps discovered:
D:1:      lightli_arrival_flooded_house, layout_loops_ring,
          serial_bayou_lagoon_a, dk_noncrumbling_3, minmay_heptomino_o4
D:2:      layout_loops_cross
D:3:      layout_rooms, first_ration, uniq_purgy, uniq_robin, uniq_jessica,
          uniq_natasha
D:4:      kennysheep_kobold_camp, layout_basic

Skill      XL: |  1  2  3  4  5  6 |
---------------+-------------------+-----
Dodging        | 3 4 |  4.1
Axes           | 3 4 5 |  5.4
Throwing       | 2 |  2.1
Armour         | 1 2 |  2.3
Fighting       | 3 |  3.2
Stealth        | |  0.6

Action                   |  1- 3 |  4- 6 |  7- 9 || total
-------------------------+-------+-------+-------++-------
Melee: War axe           |   159 |   102 |     5 ||   266
Throw: Boomerang         |     4 |     4 |       ||     8
  Use: Scroll            |     9 |       |       ||     9
       Potion            |       |     6 |       ||     6
 Stab: Sleeping          |     1 |       |       ||     1
  Eat: Ration            |     1 |       |       ||     1
       Chunk             |     1 |       |       ||     1
Armor: Leather armour    |    69 |    55 |       ||   124
Dodge: Dodged            |   138 |   105 |    11 ||   254
